 Dungeon Crawl Stone Soup version 0.18-a0-1-gfac8111 (webtiles) character file.

22 Raultor the Chiller (level 2, -7/17 HPs)
             Began as an Octopode Ice Elementalist on Oct 30, 2015.
             Mangled by a worm (11 damage)
             ... on level 2 of the Dungeon.
             The game lasted 00:05:15 (1164 turns).

Raultor the Chiller (Octopode Ice Elementalist)     Turns: 1164, Time: 00:05:16

Health: -7/17      AC:  1    Str:  7    XL:     2   Next: 91%
Magic:  0/5        EV: 12    Int: 17    God:
Gold:   101        SH:  0    Dex: 12    Spells: 2 memorised, 2 levels left

rFire  . . .     SeeInvis .     e - +0 short sword
rCold  . . .     Clarity  .     (no shield)
rNeg   . . .     SustAt   .     (helmet restricted)
rPois  .         Gourm    .     (no amulet)
rElec  .         Spirit   .     (no ring)
rCorr  .         Warding  .     (no ring)
rMut   .         Stasis   .     (no ring)
MR     .....                    (no ring)
Stlth  +++.......               (no ring)
                                (no ring)
                                (no ring)
                                (no ring)

@: not resistant to hostile enchantments, fairly stealthy
A: almost no armour, amphibious, 8 rings, constrict 8, camouflage 1, gelatinous
body 1
a: no special abilities


You were on level 2 of the Dungeon.
You were not hungry.

You visited 1 branch of the dungeon, and saw 2 of its levels.

You collected 101 gold pieces.

Inventory:

Hand Weapons
 e - a +0 short sword (weapon)
Missiles
 j - 2 tomahawks (quivered)
Scrolls
 f - 2 scrolls of remove curse {unknown}
 g - a scroll of blinking {unknown}
 h - a scroll of noise {unknown}
 k - a scroll of identify {unknown}
Potions
 c - a potion of might {unknown}
 i - a potion of curing {unknown}
Books
 a - a book of Frost

   Spells                             Type                      Level
   a - Freeze                         Ice                          1
   b - Throw Frost                    Conjuration/Ice              2
   c - Ozocubu's Armour               Charms/Ice                   3
   d - Throw Icicle                   Conjuration/Ice              4
   e - Summon Ice Beast               Ice/Summoning                4
   f - Condensation Shield            Ice                          4
Comestibles
 b - 2 bread rations
 d - a meat ration


   Skills:
 - Level 2.0 Dodging
 + Level 2.9 Stealth
 - Level 2.0 Spellcasting
 - Level 1.0 Conjurations
 * Level 3.9 Ice Magic


You had 2 spell levels left.
You knew the following spells:

 Your Spells              Type           Power        Failure   Level  Hunger
a - Freeze                Ice            ###.         4%          1    #......
b - Throw Frost           Conj/Ice       ##....       14%         2    ###....


Dungeon Overview and Level Annotations

Branches:
Dungeon (2/15)

Altars:
Xom


Innate Abilities, Weirdness & Mutations

You cannot wear most types of armour.
You are amphibious.
You can wear up to eight rings at the same time.
You can use your tentacles to constrict eight enemies at once.
Your skin changes colour to match your surroundings (Stealth).
Your rubbery body absorbs attacks (AC +1).


Message History

The worm is severely wounded.
Casting: Freeze
Confirm with . or Enter, or press ? or * to list all spells.
Aiming: Freeze
Press: ? - help, Shift-Dir - straight line, f/p - worm
Aim: a worm (moderately wounded)
You freeze the worm.
The worm is heavily wounded.
The worm bites you!
Ouch! That really hurt!
The worm bites you.
* * * LOW HITPOINT WARNING * * *
You hit the worm. You grab the worm.
The worm is heavily wounded.
You constrict the worm, but do no damage.
You hit the worm.
The worm is severely wounded.
You constrict the worm. The worm bites you!
Ouch! That really hurt!
You die...

#.#...#.## #.#...#.#
#.......# ###...###
#...# .
#######...######
...#...............#
....................
#.......@........
#######.w.######.
#...# #.#
###...###....#
#.....[...=..#
#.#...#!^^^..#
#.#<..#.._^..# .
##.##.^^^... #.....#
.....##


You could see a worm.

Vanquished Creatures
  A ball python (D:1)
  A giant cockroach (D:1)
  3 hobgoblins (D:1)
  4 bats
  A giant gecko (D:1)
  4 giant newts (D:1)
  A goblin (D:1)
  3 kobolds (D:1)
  7 rats
25 creatures vanquished.

Notes
Turn   | Place    | Note
--------------------------------------------------------------
     0 | D:1      | Raultor the Octopode Ice Elementalist began the quest for the Orb.
     0 | D:1      | Reached XP level 1. HP: 11/11 MP: 3/3
   349 | D:1      | Reached XP level 2. HP: 17/17 MP: 5/5
   357 | D:1      | Learned a level 2 spell: Throw Frost
  1099 | D:2      | Found a shimmering altar of Xom.
  1164 | D:2      | Mangled by a worm

Vault maps used:
D:1:      evilmike_arrival_crescent, minmay_misc_feat_hallway
D:2:      xom_teletrap_fun, lemuel_zombie_altar_yredelemnul, old_standard_altar

Action                   || total
-------------------------++-------
Melee: Short sword       ||    41
       Unarmed           ||     1
 Cast: Freeze            ||     6
       Throw Frost       ||     3
 Stab: Sleeping          ||    11
       Distracted        ||     1
  Eat: Chunk             ||     1
